 Dungeon Crawl Stone Soup version 0.25.1-3-ge44b62a0b3 (webtiles) character file.

Game seed: 2342633373248995704

130 JakoBeide the Skirmisher (level 4, 0/37 HPs)
             Began as a Demonspawn Abyssal Knight on Nov 23, 2020.
             Was a Priest of Lugonu.
             Slain by Grinder (4 damage)
             ... while paralysed by Grinder
             ... on level 3 of the Dungeon.
             The game lasted 00:22:53 (2826 turns).

JakoBeide the Skirmisher (DsAK)                     Turns: 2826, Time: 00:22:53

Health: 0/37       AC:  6    Str: 10 (13) XL:     4   Next: 89%
Magic:  5/5        EV:  2    Int: 12 (14) God:    Lugonu [***...]
Gold:   184        SH:  0    Dex: 10 (12) Spells: 3/3 levels left

rFire    . . .     SeeInvis .   l - +2 falchion (elec)
rCold    . . .     Gourm    .   (no shield)
rNeg     . . .     Faith    .   b - +1 leather armour
rPois    .         Spirit   .   (helmet restricted)
rElec    .         Reflect  .   (no cloak)
rCorr    +         Harm     .   (no gloves)
MR       .....     Clarity  +   (no boots)
Stlth    +.........             (no amulet)
HPRegen  0.12/turn              (no ring)
MPRegen  0.09/turn              i - ring of resist corrosion

@: paralysed
A: antennae 1, talons 1, slimy green scales 1, clarity, demonic guardian 1,
deterioration 1
a: Depart the Abyss, Bend Space, Banish, Renounce Religion


You were on level 3 of the Dungeon.
You worshipped Lugonu.
Lugonu was most pleased with you.
You were not hungry.

You visited 1 branch of the dungeon, and saw 4 of its levels.
You visited the Abyss 1 time.

You collected 184 gold pieces.

Inventory:

Hand Weapons
 a - a +1 spear
 j - a +1 hand axe of distortion
 l - a +2 falchion of electrocution (weapon)
 q - a +2 whip of flaming
 u - a +1 whip of freezing
Missiles
 o - 6 stones (quivered)
Armour
 b - a +1 leather armour (worn)
 d - a +0 ring mail
 g - a +0 ring mail
 t - a scarf of harm
Jewellery
 e - an uncursed ring of teleportation
 i - a ring of resist corrosion (right hand)
Scrolls
 m - 3 scrolls of remove curse
 r - a scroll of fear
 s - a scroll of blinking {unknown}
 w - a scroll of identify
Potions
 f - a potion of haste
 h - a potion of stabbing
 n - a potion of might
Comestibles
 c - 2 rations
 p - 6 chunks of flesh


   Skills:
 + Level 3.7 Fighting
 + Level 0.7 Long Blades
 + Level 1.0(2.0) Axes
 + Level 2.8(3.0) Polearms
 + Level 0.9 Throwing
 + Level 2.3 Armour
 + Level 1.3 Dodging
 + Level 0.2 Stealth
 + Level 2.4 Invocations


You had 3 spell levels left.
You didn't know any spells.
Your spell library contained the following spells:

 Spells                   Type           Power        Failure   Level  Hunger
 Magic Dart               Conj           #...         41%         1    ##.....
 Blink                    Tloc           N/A          54%         2    ###....
 Call Imp                 Summ           #.......     54%         2    ###....
 Slow                     Hex            #.......     54%         2    ###....
 Conjure Flame            Conj/Fire      #.......     78%         3    ####...
 Mephitic Cloud           Conj/Pois/Air  #.......     78%         3    ####...


Dungeon Overview and Level Annotations

Branches:
Dungeon (4/15)
 Temple: D:4-7

Altars:
Cheibriados
Okawaru
Yredelemnul

Portals:
Sewer: D:3

Annotations:
D:3 Grinder


Innate Abilities, Weirdness & Mutations

You have sharp toenails.
You are partially covered in slimy green scales. (AC +2)
A weak demonic guardian rushes to your aid.
You have a pair of small antennae on your head.
You possess an exceptional clarity of mind.
Your body sometimes deteriorates upon taking damage.


Message History

You hit Grinder but do no damage.
Grinder is heavily wounded.
Grinder hits you!
You writhe in agony.
Your iron imp misses Grinder.
You hit Grinder. Lightning courses through Grinder!
Grinder is severely wounded.
Grinder gestures at you.
You suddenly lose the ability to move!
Your iron imp closely misses Grinder.
Grinder hits you!
* * * LOW HITPOINT WARNING * * *
Your iron imp completely misses Grinder.
Grinder hits you.
* * * LOW HITPOINT WARNING * * *
You writhe in agony.
* * * LOW HITPOINT WARNING * * *
Grinder blinks!
Grinder gestures at you. You resist with significant effort.
Your iron imp barely misses Grinder.
Your iron imp hits Grinder!
Grinder hits you.
You die...

#..# .(# .(.
#?### ###(#.###
..(.5..###
#.55.(((+ #.@..(#
#.#.#.#
#.###.###.#
#..>......#
#####.##### #.#
#.# ########.#
#.# #......#.#
####.####........


You could see Grinder and 2 friendly iron imps.

Vanquished Creatures
  6 adders (D:2)
  An ooze (D:3)
  2 dart slugs (D:1)
  3 leopard geckos
  5 bats
  6 giant cockroaches
  13 goblins
  5 hobgoblins
  5 kobolds
  A quokka (D:2)
  2 ball pythons
  6 frilled lizards
  5 rats
60 creatures vanquished.

Vanquished Creatures (others)
  A giant cockroach (D:2)
  2 goblins
  A hobgoblin (D:2)
4 creatures vanquished.

Grand Total: 64 creatures vanquished

Notes
Turn   | Place    | Note
-------+----------+-------------------------------------------
     0 | Abyss:1  | JakoBeide the Demonspawn Abyssal Knight began the quest for
                  | the Orb.
     0 | Abyss:1  | Reached XP level 1. HP: 18/18 MP: 2/2
    30 | D:1      | Escaped the Abyss
   298 | D:1      | Gained mutation: You are partially covered in slimy green
                  | scales. (AC +2) [demonic ancestry]
   298 | D:1      | Reached XP level 2. HP: 14/24 MP: 3/3
   736 | D:1      | Reached ** piety under Lugonu
   903 | D:1      | Gained mutation: A weak demonic guardian rushes to your
                  | aid. [demonic ancestry]
   903 | D:1      | Reached XP level 3. HP: 29/29 MP: 4/4
   937 | D:1      | Reached skill level 1 in Dodging
  1348 | D:2      | Found a snail-covered altar of Cheibriados.
  1525 | D:2      | Found an iron altar of Okawaru.
  1672 | D:2      | Gained mutation: You have sharp toenails. [demonic
                  | ancestry]
  1672 | D:2      | Reached XP level 4. HP: 6/36 MP: 5/5
  1927 | D:2      | Found a basalt altar of Yredelemnul.
  2339 | D:2      | You fall into a shaft and drop 2 floors!
  2400 | D:3      | Found a glowing drain.
  2551 | D:3      | Reached skill level 1 in Axes
  2704 | D:3      | Reached *** piety under Lugonu
  2780 | D:3      | Gained mutation: Your body sometimes deteriorates upon
                  | taking damage. [potion of mutation]
  2780 | D:3      | Gained mutation: You possess an exceptional clarity of
                  | mind. [potion of mutation]
  2780 | D:3      | Gained mutation: You have a pair of small antennae on your
                  | head. [potion of mutation]
  2787 | D:3      | Noticed Grinder
  2787 | D:3      | Paralysed by Grinder for 2 turns
  2820 | D:3      | Paralysed by Grinder for 7 turns
  2826 | D:3      | Slain by Grinder

Illustrated notes

Levels and vault maps discovered:
D:1:      heliophobic_arrival_henge, layout_basic, minmay_misc_feat_enclosed,
          minmay_distorted
D:2:      layout_loops_cross, lemuel_crystal_altar, lemuel_doored_altar,
          nicolae_overflow_hidden_temple, kennysheep_okawaru_gauntlet
D:3:      layout_loops_corners, cheibrodos_sewer_entry_drain, minmay_hedge_maze,
          minivault_11, solitary_fountain, uniq_grinder
D:4:      layout_basic, kennysheep_mini, first_ration, kennysheep_another_room,
          uniq_robin, uniq_menkaure, uniq_sigmund

Skill      XL: |  1  2  3  4 |
---------------+-------------+-----
Polearms       | 2 |  2.8
Dodging        | 1 |  1.3
Armour         | 2 |  2.3
Axes           | 1 |  1.0
Fighting       | |  3.7
Long Blades    | |  0.7
Throwing       | |  0.9
Stealth        | |  0.2
Invocations    | |  2.4

Action                   |  1- 3 |  4- 6 || total
-------------------------+-------+-------++-------
Melee: Spear             |    57 |       ||    57
       Hand axe          |    37 |       ||    37
       Falchion          |    27 |    56 ||    83
       Kick              |       |    10 ||    10
Throw: Dart              |    18 |    32 ||    50
  Use: Scroll            |     8 |     4 ||    12
       Potion            |     2 |     4 ||     6
 Stab: Distracted        |       |     1 ||     1
  Eat: Ration            |     1 |     1 ||     2
       Chunk             |     1 |     1 ||     2
Armor: Leather armour    |    47 |    36 ||    83
Dodge: Dodged            |    75 |    49 ||   124
       Rpst.: Falchion   |     6 |    16 ||    22
